[Event "Titled Tuesday Blitz October 04 Late 2022"]
[White "Howell, David W L"]
[Black "Gubajdullin, Alexei"]
[WhiteFideId "410608"]
[BlackFideId "4141202"]
[WhiteElo "2567"]
[BlackElo "2200"]
[Result "1-0"]
[Round "02"]
[TimeControl "180+1"]
[Date "2022.10.04"]
[WhiteClock "0:00:07"]
[BlackClock "0:00:02"]

1. b3 Nf6 2. Bb2 g6 3. e3 Bg7 4. d4 O-O 5. Nf3 d6 6. Be2 a5 7. O-O a4 8. b4 Nc6 9. b5 Na5 10. c4 d5 11. cxd5 Nxd5 12. Qxa4 b6 13. Nbd2 Bb7 14. Rfc1 Qd6 15. Qc2 Rac8 16. Qd1 Bh6 17. Nc4 Nxc4 18. Rxc4 Bxe3 19. fxe3 Nxe3 20. Qb3 Nxc4 21. Bxc4 Rcd8 22. Rf1 Bd5 23. a4 f6 24. Rc1 Kg7 25. Bxd5 Qxd5 26. Qxd5 Rxd5 27. Rxc7 Kf7 28. Ba3 Ra8 29. Rxe7+ Kg8 30. Bc1 Rxa4 31. Bh6 Rxb5 32. Rg7+ Kh8 33. Rf7 Ra8 34. Rxf6 Kg8 35. h4 Rb8 36. Kh2 Rf5 37. Rc6 b5 38. Ne5 b4 39. Nd7 Rd8 40. Nf6+ Kh8 41. Rc7 Rxf6 42. Bg7+ Kg8 43. Bxf6 Rb8 44. Be5 b3 45. Rc1 b2 46. Rb1 Rb5 47. Kg3 Kf7 48. Kf4 Ke6 49. Ke4 h6 50. Kd3 g5 51. hxg5 hxg5 52. Kc4 Rb7 53. Kc3 Kd5 54. Rxb2 Ra7 55. Re2 Ra3+ 56. Kd2 g4 57. g3 Rb3 58. Ke1 Ra3 59. Kf2 Rb3 60. Kg2 Rb4 61. Rf2 1-0


[Site "https://www.chess.com"]

[Event "Titled Tuesday Blitz October 04 Late 2022"]
[White "Ibarra Jerez, Jose Carlos"]
[Black "Janaszak, Dawid"]
[WhiteFideId "2226332"]
[BlackFideId "1119206"]
[WhiteElo "2627"]
[BlackElo "2226"]
[Result "1-0"]
[Round "02"]
[TimeControl "180+1"]
[Date "2022.10.04"]
[WhiteClock "0:00:12"]
[BlackClock "0:00:03"]

1. e4 g6 2. d4 Bg7 3. Nf3 d6 4. Nc3 a6 5. Be3 b5 6. Bd3 Bb7 7. e5 e6 8. a4 b4 9. Ne4 Bxe4 10. Bxe4 d5 11. Bd3 Nd7 12. a5 Ne7 13. c3 bxc3 14. bxc3 c5 15. h4 cxd4 16. cxd4 h6 17. h5 g5 18. Qc2 Ra7 19. Bd2 Rc7 20. Qb2 Qa8 21. Rc1 Rxc1+ 22. Qxc1 f5 23. exf6 Bxf6 24. Qa3 Kf7 25. O-O g4 26. Nh2 Rg8 27. Be2 g3 28. fxg3 Nf5 29. Ng4 Bxd4+ 30. Kh2 Bc5 31. Nxh6+ Ke8 32. Qa4 Nxh6 33. Bxh6 Bd6 34. Bf4 Qb8 35. Bxa6 e5 36. Bb5 exf4 37. Bxd7+ Kd8 38. Be6 fxg3+ 39. Kh3 Rg7 40. Qh4+ Be7 41. Rf8+ Kc7 42. Qf4+ Bd6 43. Qc1+ Kb7 44. Rxb8+ Bxb8 45. Bxd5+ 1-0


[Site "https://www.chess.com"]

[Event "Titled Tuesday Blitz October 04 Late 2022"]
[White "Jobava, Baadur"]
[Black "Riehle, Marco"]
[WhiteFideId "13601520"]
[BlackFideId "12904392"]
[WhiteElo "2582"]
[BlackElo "2462"]
[Result "1/2-1/2"]
[Round "02"]
[TimeControl "180+1"]
[Date "2022.10.04"]
[WhiteClock "0:01:09"]
[BlackClock "0:01:05"]

1. b3 e5 2. Bb2 Nc6 3. Nf3 e4 4. Nd4 Nxd4 5. Bxd4 c5 6. Bb2 Nf6 7. e3 d5 8. Bb5+ Bd7 9. Bxd7+ Qxd7 10. Bxf6 gxf6 11. O-O Bd6 12. Nc3 Be5 13. f4 Bxc3 14. dxc3 O-O-O 15. Qh5 f5 16. Rad1 Qe6 17. Rd2 Rd6 18. Rfd1 h6 19. h3 Rhd8 20. Kh2 d4 21. cxd4 cxd4 22. Rxd4 Rxd4 23. exd4 e3 24. Qf3 e2 25. Re1 Re8 26. d5 Qa6 27. a4 Qd6 28. g3 Re4 29. Rxe2 Qxd5 30. Qc3+ Kb8 31. Rd2 Qc6 32. Qh8+ Qc8 33. Rd8 Re2+ 34. Kg1 Rxc2 35. Qe5+ Ka8 36. Rxc8+ Rxc8 37. Qxf5 Rb8 38. Qxf7 a5 39. Qd5 Rc8 40. Qxa5+ Kb8 41. Qe5+ Ka8 42. Qe3 h5 43. f5 h4 44. gxh4 b6 45. f6 Rc7 46. Qe8+ Kb7 47. Qe7 b5 48. Qxc7+ Ka8 49. axb5 1/2-1/2


[Site "https://www.chess.com"]

[Event "Titled Tuesday Blitz October 04 Late 2022"]
[White "Kamsky, Gata"]
[Black "Melikyan, Gnel"]
[WhiteFideId "2000024"]
[BlackFideId "54109990"]
[WhiteElo "2666"]
[BlackElo "2138"]
[Result "1-0"]
[Round "02"]
[TimeControl "180+1"]
[Date "2022.10.04"]
[WhiteClock "0:00:27"]
[BlackClock "0:00:01"]

1. d4 d6 2. Nf3 Nf6 3. Bf4 g6 4. h3 Bg7 5. c3 O-O 6. Nbd2 Nc6 7. e4 e5 8. dxe5 dxe5 9. Be3 a6 10. Bc4 Qe7 11. O-O Be6 12. Bxe6 Qxe6 13. Qb3 Qxb3 14. axb3 Rfd8 15. b4 Rac8 16. Rfe1 Rd3 17. Kf1 Rcd8 18. Ke2 h6 19. Red1 g5 20. Ne1 R3d7 21. Nc2 Nh5 22. g3 Ne7 23. Bc5 Nc6 24. Nb3 Rxd1 25. Rxd1 Rxd1 26. Kxd1 Nf6 27. f3 Nh5 28. Bf2 Bf8 29. Ne3 Kh7 30. Nd5 Bd6 31. Ke2 Kg6 32. Nd2 Nf6 33. Ne3 Ne7 34. Ndc4 Nd7 35. g4 Kf6 36. h4 Ke6 37. h5 f6 38. Nf5 Nxf5 39. gxf5+ Kf7 40. Na5 b6 41. Nc6 Ke8 42. Kd3 Bf8 43. Kc4 Kf7 44. Kd5 Ke8 45. c4 Bg7 46. c5 b5 47. Na5 Nb8 48. Ke6 Bf8 49. Be3 Bg7 50. c6 Bh8 51. Bc5 Bg7 52. Ba7 1-0


[Site "https://www.chess.com"]

[Event "Titled Tuesday Blitz October 04 Late 2022"]
[White "Korchmar, Vasiliy"]
[Black "Duda, Jan-Krzysztof"]
[WhiteFideId "24131750"]
[BlackFideId "1170546"]
[WhiteElo "2370"]
[BlackElo "2779"]
[Result "0-1"]
[Round "02"]
[TimeControl "180+1"]
[Date "2022.10.04"]
[WhiteClock "0:00:01"]
[BlackClock "0:00:33"]

1. e4 g6 2. d4 Bg7 3. Nc3 a6 4. f4 b5 5. Nf3 Bb7 6. Bd3 d6 7. O-O Nd7 8. a4 b4 9. Ne2 Ngf6 10. e5 Nd5 11. a5 c5 12. c3 O-O 13. Bd2 Rc8 14. Qe1 bxc3 15. bxc3 cxd4 16. cxd4 dxe5 17. fxe5 e6 18. Rb1 Rc7 19. Ng3 Ne7 20. Bb4 Nxe5 21. dxe5 Qxd3 22. Bd6 Rd7 23. Ng5 Qd5 24. N5e4 Rc8 25. Qf2 Nf5 26. Rbd1 Nxg3 27. Nxg3 Qxa5 28. Bb4 Qd8 29. Rxd7 Qxd7 30. Bd6 Bh6 31. h4 Rc3 32. Kh2 Rc4 33. Ne2 f5 0-1


[Site "https://www.chess.com"]

[Event "Titled Tuesday Blitz October 04 Late 2022"]
[White "Le, Tuan Minh"]
[Black "Gunduz, Umut Erdem"]
[WhiteFideId "12401153"]
[BlackFideId "6381383"]
[WhiteElo "2530"]
[BlackElo "2182"]
[Result "1-0"]
[Round "02"]
[TimeControl "180+1"]
[Date "2022.10.04"]
[WhiteClock "0:00:50"]
[BlackClock "0:00:10"]

1. d4 Nf6 2. Nf3 c5 3. c3 b6 4. Bg5 e6 5. e4 cxd4 6. cxd4 h6 7. Bxf6 Qxf6 8. Nc3 Bb7 9. a3 Qd8 10. Bd3 Be7 11. O-O O-O 12. Qe2 d6 13. Rac1 a6 14. e5 dxe5 15. dxe5 b5 16. Rfd1 Qb6 17. Bb1 Nc6 18. Qe4 g6 19. Qg4 Kg7 20. h4 Rad8 21. h5 g5 22. Ne4 Nd4 23. Nexg5 Ne2+ 24. Kf1 hxg5 25. Nxg5 Kh6 26. Nxf7+ 1-0


[Site "https://www.chess.com"]

[Event "Titled Tuesday Blitz October 04 Late 2022"]
[White "Lewtak, Damian"]
[Black "Nakamura, Hikaru"]
[WhiteFideId "1141724"]
[BlackFideId "2016192"]
[WhiteElo "2329"]
[BlackElo "2909"]
[Result "0-1"]
[Round "02"]
[TimeControl "180+1"]
[Date "2022.10.04"]
[WhiteClock "0:00:02"]
[BlackClock "0:00:25"]

1. e4 g6 2. Nf3 Bg7 3. d4 c6 4. Nc3 d5 5. h3 dxe4 6. Nxe4 Nf6 7. Nxf6+ exf6 8. Be2 O-O 9. O-O Qc7 10. Be3 b6 11. a4 Be6 12. Qd2 Rd8 13. a5 b5 14. a6 Nd7 15. b3 Nb6 16. Rfc1 Nd5 17. Bh6 Bxh6 18. Qxh6 Nf4 19. Bf1 Rd5 20. Qh4 Rh5 21. Qxf6 Nxh3+ 22. gxh3 Rf5 23. Qh4 Rxf3 24. Bg2 Rf5 25. c4 bxc4 26. bxc4 Rh5 27. Qg3 Qd8 28. Re1 Qxd4 29. Rad1 Qxc4 30. Rc1 Qxa6 31. Rxc6 Qa5 32. Rec1 Rg5 33. Qf4 Rxg2+ 34. Kxg2 Bd5+ 35. Kh2 Bxc6 36. Rxc6 Qd5 37. Rc7 a5 38. Qf6 a4 39. Rc3 a3 0-1


[Site "https://www.chess.com"]

[Event "Titled Tuesday Blitz October 04 Late 2022"]
[White "Machidon, Cristi"]
[Black "Tang, Andrew"]
[WhiteFideId "13904590"]
[BlackFideId "2059630"]
[WhiteElo "2312"]
[BlackElo "2581"]
[Result "1/2-1/2"]
[Round "02"]
[TimeControl "180+1"]
[Date "2022.10.04"]
[WhiteClock "0:00:04"]
[BlackClock "0:00:04"]

1. d4 d5 2. c4 e6 3. Nc3 Be7 4. Nf3 Nf6 5. cxd5 exd5 6. Bg5 c6 7. e3 Bf5 8. Bd3 Bxd3 9. Qxd3 Nbd7 10. O-O O-O 11. Rab1 a5 12. a3 Ne4 13. Bxe7 Qxe7 14. Qc2 Nd6 15. Na4 Rfe8 16. Nc5 Nxc5 17. Qxc5 Qe6 18. b4 Nc4 19. b5 Rac8 20. bxc6 Rxc6 21. Qa7 Nxa3 22. Rxb7 Ra6 23. Qc5 Nc4 24. Ng5 Qf5 25. Nxf7 Rg6 26. g3 Nd2 27. Nd6 Rxd6 28. Qxd6 Nxf1 29. Kxf1 Rf8 30. Rb2 Qf3 31. Kg1 h6 32. h4 a4 33. Qb4 Ra8 34. Qa3 Kh8 35. Rb5 Kh7 36. Qd3+ Kh8 37. Qb1 Qf8 38. Qb4 a3 39. Qxf8+ Rxf8 40. Ra5 Kh7 41. Rxa3 Kg6 42. Ra5 Rd8 43. Kg2 Kf6 44. Kf3 Ke6 45. Ra6+ Kf7 46. e4 Ke7 47. e5 Rf8+ 48. Ke3 Rb8 49. Ra7+ Ke6 50. g4 Rb3+ 51. Kf4 Rd3 52. Ra6+ Ke7 53. Kf5 Rxd4 54. f4 Rc4 55. Ra7+ Kf8 56. e6 d4 57. e7+ Kf7 58. g5 hxg5 59. fxg5 g6+ 60. Ke5 d3 61. Rd7 Rxh4 62. Rxd3 Kxe7 63. Rd6 Kf7 64. Rd7+ Ke8 65. Ra7 Rb4 66. Kf6 Rb6+ 67. Kg7 Rd6 68. Rf7 Rd5 69. Rf8+ Ke7 70. Rf7+ Ke8 71. Kxg6 Rxg5+ 72. Kxg5 Kxf7 1/2-1/2


[Site "https://www.chess.com"]

[Event "Titled Tuesday Blitz October 04 Late 2022"]
[White "Melkumyan, Hrant"]
[Black "Pacan-Milej, Kosma"]
[WhiteFideId "13302485"]
[BlackFideId "21800537"]
[WhiteElo "2604"]
[BlackElo "2302"]
[Result "1-0"]
[Round "02"]
[TimeControl "180+1"]
[Date "2022.10.04"]
[WhiteClock "0:01:09"]
[BlackClock "0:00:18"]

1. Nf3 Nf6 2. c4 g6 3. Nc3 Bg7 4. e4 d6 5. d4 O-O 6. Be2 e5 7. O-O Bg4 8. dxe5 dxe5 9. Nxe5 Qxd1 10. Bxd1 Bxd1 11. Rxd1 Nxe4 12. Nxg6 Nxc3 13. Ne7+ Kh8 14. bxc3 Na6 15. Bf4 Bxc3 16. Rab1 b6 17. Nd5 Bg7 18. Nxc7 Nxc7 19. Bxc7 Rac8 20. Rd7 Kg8 21. g3 Rfe8 22. Rbd1 Bf6 23. R1d3 Re2 24. Rf3 Kg7 25. a3 Rc2 26. Bf4 R8xc4 27. Rxa7 R4c3 28. Be3 Rd3 29. Kg2 Kg6 30. Bxb6 Rxf3 31. Kxf3 Rc3+ 32. Kg2 Rb3 33. Be3 Bc3 34. a4 Ra3 35. Bb6 1-0


[Site "https://www.chess.com"]

[Event "Titled Tuesday Blitz October 04 Late 2022"]
[White "Naroditsky, Daniel"]
[Black "Rastbod, Ali"]
[WhiteFideId "2026961"]
[BlackFideId "12567477"]
[WhiteElo "2628"]
[BlackElo "2248"]
[Result "1-0"]
[Round "02"]
[TimeControl "180+1"]
[Date "2022.10.04"]
[WhiteClock "0:00:42"]
[BlackClock "0:00:23"]

1. e4 e6 2. d4 d5 3. Nd2 Be7 4. Ngf3 Nf6 5. e5 Nfd7 6. Bd3 c5 7. c3 Nc6 8. O-O g5 9. Qe2 g4 10. Ne1 h5 11. Qe3 Bg5 12. f4 gxf3 13. Qxf3 Qe7 14. Nc2 b6 15. Ne4 dxe4 16. Bxe4 Bxc1 17. Raxc1 Ncxe5 18. dxe5 Rb8 19. Qf4 Rg8 20. Ne3 Qg5 21. Qxf7+ Kd8 22. Nc4 Bb7 23. Bxb7 Rxb7 24. Qf3 Rc7 25. Rcd1 Kc8 26. Qa8+ Nb8 27. Nd6+ Kd7 28. Ne4+ 1-0


[Site "https://www.chess.com"]

[Event "Titled Tuesday Blitz October 04 Late 2022"]
[White "Nepomniachtchi, Ian"]
[Black "Szabo, Marton Mihaly"]
[WhiteFideId "4168119"]
[BlackFideId "787086"]
[WhiteElo "2781"]
[BlackElo "2168"]
[Result "1-0"]
[Round "02"]
[TimeControl "180+1"]
[Date "2022.10.04"]
[WhiteClock "0:00:25"]
[BlackClock "0:00:02"]

1. d4 Nf6 2. c4 e6 3. Nf3 b6 4. g3 Bb7 5. Bg2 Be7 6. O-O O-O 7. Nc3 Ne4 8. Bd2 Nxd2 9. Qxd2 d6 10. e4 Nd7 11. h4 e5 12. Nd5 Bf6 13. Rfd1 Re8 14. Rac1 a5 15. b3 exd4 16. Nxd4 Nc5 17. Re1 g6 18. Nb5 Bxd5 19. cxd5 Qd7 20. Nd4 Bxd4 21. Qxd4 Re7 22. Re3 Rae8 23. Rce1 Qb5 24. h5 Qb4 25. Qf6 Nd7 26. Qh4 Qd4 27. h6 Nc5 28. a3 a4 29. b4 Nd7 30. Bf3 Qf6 31. Qh3 Ne5 32. Be2 Nd7 33. Bb5 Rd8 34. Kg2 Qd4 35. Qh4 Qf6 36. Qh3 Qd4 37. Rc1 Nf6 38. Rc4 Qb2 39. Qh4 Rf8 40. Rcc3 Qa1 41. Qxf6 1-0


[Site "https://www.chess.com"]

[Event "Titled Tuesday Blitz October 04 Late 2022"]
[White "Obrien, Matthew"]
[Black "Vazquez, Guillermo"]
[WhiteFideId "2059150"]
[BlackFideId "3702308"]
[WhiteElo "2607"]
[BlackElo "2543"]
[Result "0-1"]
[Round "02"]
[TimeControl "180+1"]
[Date "2022.10.04"]
[WhiteClock "0:00:03"]
[BlackClock "0:00:11"]

1. e4 e5 2. Nf3 Nc6 3. Bc4 Nf6 4. d3 h6 5. O-O d6 6. d4 exd4 7. Nxd4 Be7 8. Nc3 O-O 9. Re1 Re8 10. h3 Bf8 11. Bb5 Bd7 12. Bxc6 bxc6 13. Qf3 g6 14. Bf4 Bg7 15. Rad1 Qb8 16. e5 Nh5 17. Bh2 Qb6 18. Nb3 Bh8 19. g4 Ng7 20. exd6 cxd6 21. Bxd6 Ne6 22. h4 Rad8 23. Ne4 c5 24. Nf6+ Bxf6 25. Qxf6 Ng7 26. Be5 Qxf6 27. Bxf6 Rxe1+ 28. Rxe1 Rc8 29. Re7 Bxg4 30. Rxa7 Nh5 31. Be5 Re8 32. f4 f6 33. Bd6 Re2 34. Bxc5 Rxc2 35. Bd4 Bf3 36. Bc3 Rg2+ 37. Kf1 Ng3+ 38. Ke1 Re2+ 39. Kd1 Re7+ 40. Kc2 Rxa7 41. Nd4 Be4+ 42. Kd2 Rxa2 43. Ke3 Bb1 44. Nb5 Nf5+ 45. Kd2 Ra4 46. Bxf6 Rxf4 47. Nc3 Be4 48. Be5 Rxh4 49. b4 Bb7 50. b5 h5 51. b6 Rb4 52. Bc7 h4 53. Na2 Rb2+ 0-1


[Site "https://www.chess.com"]

[Event "Titled Tuesday Blitz October 04 Late 2022"]
[White "Paravyan, David"]
[Black "Guzman, Christopher"]
[WhiteFideId "4194985"]
[BlackFideId "6405096"]
[WhiteElo "2555"]
[BlackElo "2272"]
[Result "0-1"]
[Round "02"]
[TimeControl "180+1"]
[Date "2022.10.04"]
[WhiteClock "0:00:01"]
[BlackClock "0:00:30"]

1. e4 c6 2. d4 d5 3. e5 Bf5 4. h4 h5 5. Bd3 Bxd3 6. Qxd3 Qa5+ 7. Bd2 Qa6 8. e6 Qxd3 9. exf7+ Kxf7 10. cxd3 Nf6 11. Nf3 Nbd7 12. Ng5+ Kg6 13. Nc3 e5 14. Ne2 Bd6 15. f4 exd4 16. f5+ Kxf5 17. O-O+ Kg6 18. Bf4 Bc5 19. Bc7 Rhe8 20. Nf4+ Kh6 21. Nfe6 Bb6 22. Bxb6 axb6 23. Nc7 Nc5 24. Rf3 Kg6 25. Raf1 Rec8 26. Nxa8 Rxa8 27. b4 Ncd7 28. Ne6 Kh7 29. Nxd4 Ra4 30. Rf4 Rxa2 31. Ne6 Rd2 32. R4f3 Ne5 33. Re3 Nfg4 34. Ng5+ Kg6 35. Ree1 Rxd3 36. Ne6 Rb3 37. Nf8+ Kh6 38. Rf5 Nd3 39. Re6+ Nf6 40. Rg5 Nf4 41. Re7 Ng4 42. Rxg4 hxg4 0-1


[Site "https://www.chess.com"]

[Event "Titled Tuesday Blitz October 04 Late 2022"]
[White "Rasulov, Vugar"]
[Black "Jeet, Jain"]
[WhiteFideId "13402390"]
[BlackFideId "5073022"]
[WhiteElo "2509"]
[BlackElo "2067"]
[Result "1-0"]
[Round "02"]
[TimeControl "180+1"]
[Date "2022.10.04"]
[WhiteClock "0:01:50"]
[BlackClock "0:00:05"]

1. d4 d5 2. c4 c6 3. Nf3 Nf6 4. Nc3 a6 5. c5 Bf5 6. Qb3 Qc8 7. Bf4 Nbd7 8. h3 h6 9. e3 e6 10. Be2 Be7 11. O-O O-O 12. Rfc1 Bd8 13. Qd1 Bc7 14. Bxc7 Qxc7 15. b4 e5 16. a4 Ne4 17. dxe5 Nxc3 18. Rxc3 Nxe5 19. Nd4 Bd7 20. Qc2 f5 21. f4 Ng6 22. Rf1 Rae8 23. b5 axb5 24. axb5 Re7 25. b6 Qc8 26. Qd2 Rfe8 27. Bh5 Kh7 28. Ra3 Rf8 29. Bxg6+ Kxg6 30. Nf3 Rfe8 31. Ne5+ Kh7 32. Ra7 Be6 33. Qd4 g5 34. Rfa1 Rg8 35. Ra8 Qxa8 36. Rxa8 Rxa8 37. fxg5 hxg5 38. Nf3 Rg8 39. Qf6 Ree8 40. Nxg5+ Rxg5 41. Qxg5 Bf7 42. Qxf5+ Kg7 43. h4 Re6 44. h5 Kg8 45. g4 Kg7 46. g5 Rxe3 47. h6+ Kg8 48. h7+ Kg7 49. Qf6+ 1-0


[Site "https://www.chess.com"]

[Event "Titled Tuesday Blitz October 04 Late 2022"]
[White "Sai Han Thiha"]
[Black "Vasquez Schroeder, Rodrigo"]
[WhiteFideId "13012290"]
[BlackFideId "3400042"]
[WhiteElo "2061"]
[BlackElo "2577"]
[Result "0-1"]
[Round "02"]
[TimeControl "180+1"]
[Date "2022.10.04"]
[WhiteClock "0:00:03"]
[BlackClock "0:01:02"]

1. d4 Nf6 2. c4 e6 3. Nf3 Bb4+ 4. Bd2 c5 5. Bxb4 cxb4 6. a3 bxa3 7. Rxa3 d6 8. Nc3 O-O 9. e3 b6 10. Be2 Bb7 11. O-O a5 12. Qd2 Na6 13. b3 Qe7 14. Raa1 Rfd8 15. Rfd1 e5 16. Na4 Qc7 17. dxe5 dxe5 18. Qb2 Re8 19. h3 Ne4 20. Nd2 Nec5 21. Nxc5 Nxc5 22. Nf3 Na6 23. Rd2 f6 24. Rad1 Rad8 25. Ne1 Nc5 26. Bf3 e4 27. Bh5 Rf8 28. Rd4 Ne6 29. R4d2 g6 30. Be2 f5 31. Rxd8 Rxd8 32. Rxd8+ Qxd8 33. Qe5 Kf7 34. Qc3 Qd6 35. Nc2 Bc8 36. Nd4 Qe5 37. Qd2 Ke8 38. Bf1 Qd6 39. Qc3 Qe5 40. Qd2 Bd7 41. Nxe6 Bxe6 42. Qd4 Qxd4 43. exd4 Ke7 44. f4 exf3 45. gxf3 f4 46. h4 Bf5 47. h5 g5 48. h6 Bc2 49. c5 bxc5 50. dxc5 Bxb3 51. Bd3 Bg8 52. Bc2 Kd7 53. Ba4+ Kc7 54. Kf2 Bf7 55. Ke2 Bg6 56. Kd2 Bf5 57. Kc3 g4 58. fxg4 Bxg4 59. Kd4 Bf5 60. Bd1 Kc6 61. Ba4+ Kc7 62. Bd1 Bg6 63. Ke5 Kc6 64. Kd4 Kb5 65. Kd5 a4 66. c6 Bf5 67. Ke5 a3 68. Bb3 Kxc6 69. Kxf5 f3 70. Kf6 f2 71. Kg7 f1=Q 72. Kxh7 Qf5+ 73. Kg7 Qg5+ 74. Kh7 Kd6 75. Ba2 Ke7 0-1


[Site "https://www.chess.com"]

[Event "Titled Tuesday Blitz October 04 Late 2022"]
[White "Sargsyan, Anna M."]
[Black "Svane, Rasmus"]
[WhiteFideId "13308130"]
[BlackFideId "4657101"]
[WhiteElo "2284"]
[BlackElo "2674"]
[Result "0-1"]
[Round "02"]
[TimeControl "180+1"]
[Date "2022.10.04"]
[WhiteClock "0:00:11"]
[BlackClock "0:00:50"]

1. d4 d5 2. c4 e6 3. Nf3 a6 4. cxd5 exd5 5. Qb3 Nf6 6. Bg5 Be7 7. Nc3 c6 8. e3 O-O 9. Bd3 Re8 10. O-O Nbd7 11. Rac1 Nf8 12. Na4 Ne6 13. Bh4 Nh5 14. Bxe7 Qxe7 15. Nb6 Rb8 16. Ne5 Nf6 17. a4 g6 18. a5 Ng7 19. Na4 Bf5 20. Nc5 Bxd3 21. Qxd3 Nf5 22. Qe2 Nd6 23. Qf3 Nfe4 24. Nxa6 Ra8 25. Nc5 Nd2 26. Qf4 Nxf1 27. Rxf1 Rxa5 28. Ng4 Rea8 29. Nd3 Ra1 30. Nde5 h5 31. Nf6+ Kg7 32. Ned7 Ne4 33. Nxe4 Qxe4 34. Qf6+ Kg8 35. Ne5 Rxf1+ 36. Kxf1 Ra1+ 37. Ke2 Qc2+ 38. Kf3 Qf5+ 39. Qxf5 gxf5 40. Nd7 Rb1 41. Kf4 Rxb2 42. f3 Rxg2 43. Nf6+ Kf8 44. Nxh5 b5 0-1


[Site "https://www.chess.com"]

[Event "Titled Tuesday Blitz October 04 Late 2022"]
[White "Sebag, Marie"]
[Black "Kollars, Dmitrij"]
[WhiteFideId "617822"]
[BlackFideId "12909572"]
[WhiteElo "2440"]
[BlackElo "2584"]
[Result "0-1"]
[Round "02"]
[TimeControl "180+1"]
[Date "2022.10.04"]
[WhiteClock "0:00:05"]
[BlackClock "0:00:10"]

1. e4 c5 2. Nf3 Nc6 3. c3 d5 4. exd5 Qxd5 5. d4 e6 6. Be3 cxd4 7. cxd4 Nf6 8. Nc3 Bb4 9. Bd3 O-O 10. O-O Bxc3 11. bxc3 b6 12. Qe2 Bb7 13. Rad1 Rac8 14. c4 Qh5 15. h3 Nb4 16. Ne5 Nxd3 17. Qxd3 Rfd8 18. Bf4 Nd7 19. Ng4 Qg6 20. Qxg6 hxg6 21. Ne3 Ba6 22. Rc1 b5 23. cxb5 Bxb5 24. Rxc8 Rxc8 25. Rb1 Bc6 26. Rc1 Nb6 27. Ng4 f6 28. Ne3 g5 29. Bd6 Kf7 30. f3 Bd5 31. Rxc8 Nxc8 32. Nxd5 Nxd6 33. Nc3 Nf5 34. d5 exd5 35. Nxd5 Ke6 36. Nc3 Ke5 37. Kf2 a6 38. Ke2 Kd4 39. Kd2 Nh4 40. Ne2+ Ke5 41. g3 Nxf3+ 42. Ke3 Ne1 43. Kd2 Ng2 44. Kd3 f5 45. Ng1 f4 46. Nf3+ Kf6 47. g4 Nh4 48. Nd4 Ke5 49. Nc6+ Kd6 50. Nd4 Kd5 51. Nc2 a5 52. Ne1 g6 53. a3 a4 54. Nc2 Nf3 55. Nb4+ Ke5 56. Nc6+ Kd6 57. Nb4 Ng1 58. Ke4 Nxh3 59. Nc2 Kc5 60. Ne1 Nf2+ 61. Kf3 Nd1 62. Nd3+ Kc4 63. Ne5+ Kb3 64. Nxg6 Kxa3 65. Nxf4 gxf4 66. g5 Ne3 67. Kxf4 Nd5+ 68. Ke5 Ne7 69. Ke6 Ng8 70. Kf7 Kb4 71. Kxg8 a3 72. g6 a2 73. g7 a1=Q 0-1


[Site "https://www.chess.com"]

[Event "Titled Tuesday Blitz October 04 Late 2022"]
[White "Zhigalko, Sergei"]
[Black "Abdyzhapar, Asylbek"]
[WhiteFideId "13502956"]
[BlackFideId "13800337"]
[WhiteElo "2662"]
[BlackElo "2323"]
[Result "1-0"]
[Round "02"]
[TimeControl "180+1"]
[Date "2022.10.04"]
[WhiteClock "0:01:03"]
[BlackClock "0:00:57"]

1. e4 e5 2. Nf3 Nc6 3. Bc4 Nf6 4. d3 Bc5 5. O-O O-O 6. Nbd2 d6 7. c3 a6 8. Bb3 Ba7 9. h3 Ne7 10. Re1 Ng6 11. Nf1 Re8 12. Ng3 h6 13. d4 Be6 14. Bc2 c6 15. Be3 b5 16. Qd2 Kh7 17. Rad1 Qc7 18. Nf5 Ng8 19. d5 cxd5 20. Bxa7 Rxa7 21. exd5 Bd7 22. N3h4 Kh8 23. Nxg6+ fxg6 24. Nh4 Ne7 25. f4 Qc4 26. Nxg6+ Nxg6 27. Bxg6 Re7 28. fxe5 dxe5 29. Qf2 Ra8 30. d6 Re6 31. Bf7 1-0


[Site "https://www.chess.com"]

[Event "Titled Tuesday Blitz October 04 Late 2022"]
[White "Zierk, Steven"]
[Black "Mihajlov, Sebastian"]
[WhiteFideId "2034255"]
[BlackFideId "1512110"]
[WhiteElo "2494"]
[BlackElo "2464"]
[Result "1-0"]
[Round "02"]
[TimeControl "180+1"]
[Date "2022.10.04"]
[WhiteClock "0:00:34"]
[BlackClock "0:00:10"]

1. d4 Nf6 2. c4 c6 3. Nc3 d5 4. cxd5 cxd5 5. Bf4 Nc6 6. e3 Bf5 7. Qb3 Na5 8. Qa4+ Bd7 9. Qc2 e6 10. Bd3 Nh5 11. Be5 f6 12. g4 fxe5 13. dxe5 Qg5 14. gxh5 Qg2 15. O-O-O Qxh1 16. f4 Rc8 17. Kb1 Bb4 18. Qe2 Bxc3 19. bxc3 Ba4 20. Rc1 Nc4 21. Bxc4 Rxc4 22. Nf3 Qxc1+ 23. Kxc1 Rxc3+ 24. Kb1 O-O 25. Nd4 Rfc8 26. Qg4 Bd7 27. h6 g6 28. Qh4 Rd3 29. Nb3 Rd1+ 30. Kb2 1-0


[Site "https://www.chess.com"]

[Event "Titled Tuesday Blitz October 04 Late 2022"]
[White "Bartel, Mateusz"]
[Black "Al Hosani, Omran"]
[WhiteFideId "1112635"]
[BlackFideId "9308733"]
[WhiteElo "2530"]
[BlackElo "2167"]
[Result "1-0"]
[Round "03"]
[TimeControl "180+1"]
[Date "2022.10.04"]
[WhiteClock "0:00:15"]
[BlackClock "0:00:01"]

1. e4 e5 2. Nc3 Nf6 3. g3 d5 4. exd5 Nxd5 5. Bg2 Nb6 6. Nf3 Nc6 7. O-O Be7 8. Re1 f6 9. a4 a5 10. d4 exd4 11. Nb5 O-O 12. Nfxd4 Nxd4 13. Qxd4 Qxd4 14. Nxd4 Bd8 15. b3 Kf7 16. Ba3 Re8 17. Rxe8 Kxe8 18. Re1+ Kf7 19. Nb5 Rb8 20. c4 Be6 21. Nd4 Bd7 22. c5 Nc8 23. c6 bxc6 24. Bxc6 Nb6 25. h4 g6 26. Bc5 Bc8 27. Be8+ Kg7 28. Nc6 Ra8 29. Nxd8 Bf5 30. Ne6+ Kg8 31. Nd4 Bg4 32. Nb5 Rc8 33. Bc6 Rd8 34. Nxc7 Nc8 35. Nd5 Kg7 36. Ne3 Ne7 1-0


[Site "https://www.chess.com"]

[Event "Titled Tuesday Blitz October 04 Late 2022"]
[White "Belous, Vladimir"]
[Black "Dimitrov, Atanas"]
[WhiteFideId "4174003"]
[BlackFideId "2901315"]
[WhiteElo "2534"]
[BlackElo "2633"]
[Result "1-0"]
[Round "03"]
[TimeControl "180+1"]
[Date "2022.10.04"]
[WhiteClock "0:00:47"]
[BlackClock "0:00:28"]

1. c4 e5 2. g3 g6 3. Bg2 Bg7 4. Nf3 Nc6 5. O-O Nge7 6. Nc3 O-O 7. Rb1 a5 8. a3 d6 9. b4 axb4 10. axb4 h6 11. d3 Be6 12. b5 Nb8 13. Nd2 Qc8 14. Nde4 Nd7 15. Bb2 Kh7 16. Ra1 f5 17. Nd2 Nc5 18. Qc2 Qd7 19. Nb3 Nxb3 20. Qxb3 c6 21. Na4 Qc7 22. Nc3 g5 23. Rfb1 g4 24. Rxa8 Rxa8 25. bxc6 bxc6 26. Bc1 Bf6 27. Be3 h5 28. h4 gxh3 29. Bxh3 h4 30. Ne4 fxe4 31. Bxe6 hxg3 32. fxg3 exd3 33. Qxd3+ Kg7 34. Qe4 Rh8 35. Qg4+ Kf8 36. Rf1 1-0


[Site "https://www.chess.com"]

[Event "Titled Tuesday Blitz October 04 Late 2022"]
[White "Bilych, Olexiy"]
[Black "Kamsky, Gata"]
[WhiteFideId "14156504"]
[BlackFideId "2000024"]
[WhiteElo "2320"]
[BlackElo "2666"]
[Result "1/2-1/2"]
[Round "03"]
[TimeControl "180+1"]
[Date "2022.10.04"]
[WhiteClock "0:00:05"]
[BlackClock "0:00:03"]

1. e4 c5 2. Nf3 e6 3. d4 cxd4 4. Nxd4 a6 5. c4 Qc7 6. Nc3 b6 7. a3 Bb7 8. Be2 Nf6 9. f3 Nc6 10. Be3 Nxd4 11. Bxd4 Bc5 12. Qd2 e5 13. Be3 h6 14. Rc1 O-O 15. b4 Bxe3 16. Qxe3 a5 17. b5 d6 18. Nd5 Bxd5 19. cxd5 Qb8 20. Rc6 Nd7 21. O-O Ra7 22. Rd1 Re8 23. g3 Nc5 24. Bf1 Qd8 25. Bh3 Rb7 26. Kg2 Qe7 27. Bg4 Qf6 28. h4 Kf8 29. h5 Kg8 30. Rf1 Qe7 31. Rf2 Kh8 32. Kh3 Kg8 33. Bf5 Qf6 34. Qc1 Qe7 35. Kg2 Rbb8 36. Qe3 Rb7 37. Rd2 Rbb8 38. Rf2 Rb7 39. Kh3 Qf6 40. Rh2 Qe7 41. Kg2 Qf6 42. Rh4 Qe7 43. Rg4 Kf8 44. Bh7 Qf6 45. Bf5 Rd8 46. Kh3 Re8 47. Rh4 Rbb8 48. Kg2 Rb7 49. Rh1 Rbb8 50. Kh3 Rb7 51. Rg1 Rbb8 52. g4 Rb7 53. g5 hxg5 54. Qxg5 Qxg5 55. Rxg5 Rd8 56. Bh7 Nd3 57. Kg3 Nf4 58. Rf5 f6 59. Rxf4 exf4+ 60. Kxf4 Ke7 61. Bf5 Rh8 62. Kg4 Rf8 63. Kf4 Rh8 64. Kg4 Rf8 65. f4 Rh8 66. Be6 Rd8 67. Rc1 Rh8 68. a4 Rd8 69. Bf5 Rf8 70. Rc6 Rd8 71. Be6 Rh8 72. Rc2 Rf8 73. Kh4 Rh8 74. Rg2 Kf8 75. Rc2 Ke7 76. Bc8 Rb8 77. Bf5 Rb7 78. Kg4 Rf8 79. Be6 Rh8 80. Bf5 Rf8 81. Rc6 Rh8 82. Be6 Rf8 83. Kf3 Rh8 84. Kg4 Rf8 85. Bf5 1/2-1/2


[Site "https://www.chess.com"]